 Dungeon Crawl Stone Soup version 0.23.2 (webtiles) character file.

Game seed: 280880734104068898

93 Fang the Skirmisher (level 4, -9/29 HPs)
             Began as a Gargoyle Berserker on Apr 2, 2019.
             Was a Believer of Trog.
             Mangled by Sigmund
             ... wielding a +0 scythe
              (12 damage)
             ... on level 3 of the Dungeon.
             The game lasted 00:02:34 (2110 turns).

Fang the Skirmisher (Gargoyle Berserker)            Turns: 2110, Time: 00:02:35

Health: -9/29      AC:  5    Str: 24    XL:     4   Next: 61%
Magic:  13/13      EV: 12    Int: 13    God:    Trog [**....]
Gold:   140        SH:  0    Dex:  9    Spells: 3/3 levels left

rFire    . . .     SeeInvis .   a - +0 hand axe
rCold    . . .     Gourm    .   (no shield)
rNeg     + . .     Faith    .   b - +0 animal skin
rPois    ∞         Spirit   .   (no helmet)
rElec    +         Reflect  .   (no cloak)
rCorr    .         Harm     .   (no gloves)
MR       .....                  (no boots)
Stlth    +.........             (no amulet)
HPRegen  0.09/turn              i - ring of magical power
MPRegen  0.13/turn              j - +3 ring of strength

@: brilliant
A: negative energy resistance 1, electricity resistance, unbreathing,
petrification resistance, rot immunity, AC +3
a: Berserk, Trog's Hand, Renounce Religion


You were on level 3 of the Dungeon.
You worshipped Trog.
Trog was pleased with you.
You were not hungry.

You visited 1 branch of the dungeon, and saw 3 of its levels.

You collected 140 gold pieces.

Inventory:

Hand Weapons
 a - a +0 hand axe (weapon)
Armour
 b - a +0 animal skin (worn)
Jewellery
 i - a ring of magical power (left hand)
 j - a +3 ring of strength (right hand)
Scrolls
 d - 6 scrolls of identify {unknown}
 g - 2 scrolls of teleportation {unknown}
 k - a scroll of enchant armour {unknown}
 o - 3 scrolls of magic mapping {unknown}
 q - 2 scrolls of remove curse {unknown}
 s - a scroll of immolation {unknown}
Potions
 e - 2 potions of brilliance
 h - a potion of lignification {unknown}
 l - 2 potions of invisibility {unknown}
 m - 2 potions of heal wounds {unknown}
 n - a potion of mutation {unknown}
 p - a potion of curing {unknown}
 r - a potion of might {unknown}
Comestibles
 c - 5 rations
 f - 7 chunks of flesh


   Skills:
 + Level 4.0 Fighting
 + Level 3.3 Axes
 + Level 3.1 Armour
 + Level 2.3 Dodging


You had 3 spell levels left.
You didn't know any spells.
Your spell library was empty.

Dungeon Overview and Level Annotations

Branches:
Dungeon (3/15)

Altars:
Vehumet

Annotations:
D:3 Sigmund


Innate Abilities, Weirdness & Mutations

You are resistant to torment.
Your stone body is resilient. (AC +3)
You are immune to poison.
You resist negative energy. (rN+)
You are resistant to electric shocks. (rElec)
You can survive without breathing.
You are immune to petrification.
You are immune to rotting.


Message History

You are too injured to fight recklessly!
You are too injured to fight recklessly!
You are too injured to fight recklessly!
You are too injured to fight recklessly!
You are too injured to fight recklessly!
You are too injured to fight recklessly!
You are too injured to fight recklessly!
The hobgoblin hits you but does no damage.
Things that are here:
a +0 short sword; a kobold corpse The hobgoblin barely misses you.
Something hits you.
* * * LOW HITPOINT WARNING * * *
There is an open door here.
You see here a stone.
You see here a stone.
It was a potion of brilliance.
You feel clever all of a sudden. Something hits you!
You die...

....#
##................#
....#
#...#######.##.#.#
.#### #.### #.##.#.#
.# ##+# #....#.# ..
##...## #..###.# ..#
##.....## #..###.# ..#
##.......## ##....÷.#
..#
#.........####...#####
+......).{g@......#
#......)..####.(.##
##.......## ##..#
##.....## ##.# ##...##
.... ##'# #.#.# #.
#.#.# #. .# #


You could see a hobgoblin.

Vanquished Creatures
  3 adders
  2 oozes (D:1)
  A worm (D:2)
  A dart slug (D:2)
  5 bats
  A giant cockroach (D:2)
  7 hobgoblins
  4 jackals (D:1)
  A ball python (D:2)
  6 frilled lizards
  8 goblins
  5 kobolds
  7 rats
51 creatures vanquished.

Notes
Turn   | Place    | Note
-------+----------+-------------------------------------------
     0 | D:1      | Fang the Gargoyle Berserker began the quest for the Orb.
     0 | D:1      | Reached XP level 1. HP: 14/14 MP: 1/1
    87 | D:1      | Reached XP level 2. HP: 15/19 MP: 2/2
   560 | D:1      | Reached XP level 3. HP: 19/23 MP: 3/3
   911 | D:1      | Reached ** piety under Trog
  1213 | D:2      | Found a radiant altar of Vehumet.
  1298 | D:2      | Reached XP level 4. HP: 13/29 MP: 4/4
  1590 | D:2      | Reached skill level 4 in Fighting
  2100 | D:3      | Noticed Sigmund
  2110 | D:3      | Mangled by Sigmund

Skill      XL: |  1  2  3  4 |
---------------+-------------+-----
Axes           | 3 |  3.3
Dodging        | 2 |  2.3
Fighting       | 4 |  4.0
Armour         | 3 |  3.1

Action                   |  1- 3 |  4- 6 || total
-------------------------+-------+-------++-------
Melee: Hand axe          |   112 |    71 ||   183
  Use: Potion            |       |     1 ||     1
 Stab: Sleeping          |     1 |       ||     1
  Eat: Chunk             |     1 |     3 ||     4
Armor: Animal skin       |    40 |    34 ||    74
Dodge: Dodged            |    73 |    52 ||   125
